 Dungeon Crawl Stone Soup version 0.29-a0-284-gf9362112df (webtiles) character file.

Game seed: 3783320494690970065

18 olourkin the Slasher (level 2, -5/22 HPs)
             Began as a Demonspawn Gladiator on Mar 31, 2022.
             Slain by a worm (7 damage)
             ... on level 2 of the Dungeon.
             The game lasted 00:05:37 (466 turns).

olourkin the Slasher (Demonspawn Gladiator)          Turns: 466, Time: 00:05:38

Health: -5/22      AC:  4    Str: 14    XL:     2   Next: 48%
Magic:  2/2        EV: 12    Int:  9    God:
Gold:   9          SH:  0    Dex: 14    Spells: 1/1 levels left

rFire   . . .      SeeInvis .   a - +0 long sword
rCold   . . .      Faith    .   (no shield)
rNeg    . . .      Spirit   .   b - +0 leather armour
rPois   .          Reflect  .   c - +0 helmet
rElec   .          Harm     .   (no cloak)
rCorr   .          Rampage  .   (no gloves)
Will    .....                   (no boots)
Stlth   +.........              (no amulet)
HPRegen 0.07/turn               (no ring)
MPRegen 0.08/turn               (no ring)

@: lethally poisoned (-5 -> -7)
A: demonic magic 1
a: no special abilities


You were on level 2 of the Dungeon.
You visited 1 branch of the dungeon, and saw 2 of its levels.

You collected 9 gold pieces.

Inventory:

Hand Weapons
 a - a +0 long sword (weapon)
Missiles
 d - 3 throwing nets
 e - a javelin
 g - 19 stones (quivered)
Armour
 b - a +0 leather armour (worn)
 c - a +0 helmet (worn)
Potions
 f - a potion of heal wounds {unknown}


   Skills:
 - Level 2.0 Fighting
 * Level 3.3 Long Blades
 - Level 1.7 Throwing
 + Level 1.0 Armour
 - Level 2.6 Dodging


You had one spell level left.
You didn't know any spells.
Your spell library was empty.

Dungeon Overview and Level Annotations

Branches:
Dungeon (1/15)

Altars:
Trog


Innate Abilities, Weirdness & Mutations

Spells you cast may paralyse adjacent enemies.


Message History

* * * LOW HITPOINT WARNING * * *
You slash the dart slug!
You kill the dart slug!
Your Armour skill increases to level 1!
You see here a stone.
g - 17 stones (gained 1)
You see here a stone.
g - 18 stones (gained 1)
g - 19 stones (gained 1)
There are no items here.
You see here a quokka corpse.
You see here a +0 dagger.
Things that are here:
a +0 club; a goblin corpse An adder comes into view.
The adder hisses angrily.
Found 3 silvery potions.
A frilled lizard comes into view.
Found a faintly glowing leather armour.
The frilled lizard hisses angrily.
You barely miss the adder. The adder bites you.
* * * LOW HITPOINT WARNING * * *
You miss the adder. The adder completely misses you. x2
You barely miss the adder. The adder misses you. The adder closely misses you.
You hit the adder.
The adder is moderately wounded.
The adder bites you but does no damage.
You completely miss the adder.
The adder is moderately wounded.
The adder bites you.
* * * LOW HITPOINT WARNING * * *
You are lethally poisoned!
The adder poisons you! The frilled lizard closely misses you.
The adder barely misses you.
You miss the adder.
The adder is moderately wounded.
* * * LOW HITPOINT WARNING * * *
You feel sick. The adder bites you but does no damage.
The frilled lizard closely misses you. The worm bites you!
You die...

#### ##.. #..... ...
..... ...# #####....
..... .......# ### ..
#.######..##.####....
.###.................#
...###...............#
.....w.........w@....#.
...###[........Sl.......
...###........w#.....#..
..w............#.....#.
...............#.......
........#......#....!...
#...............###...[.
#.....#.........# .....
#....†#.........# ...


You could see 2 worms, an adder and a frilled lizard.

Vanquished Creatures
  3 dart slugs
  A giant cockroach (D:1)
  2 goblins (D:2)
  A hobgoblin (D:1)
  A quokka (D:2)
  A ball python (D:1)
  A bat (D:2)
  A frilled lizard (D:1)
  A rat (D:2)
12 creatures vanquished.

Notes
Turn   | Place    | Note
-------+----------+-------------------------------------------
     0 | D:1      | olourkin the Demonspawn Gladiator began the quest for the
                  | Orb.
     0 | D:1      | Reached XP level 1. HP: 16/16 MP: 1/1
   231 | D:1      | Reached skill level 3 in Long Blades
   301 | D:1      | You fall into a shaft and drop 1 floor!
   312 | D:2      | Found a bloodstained altar of Trog.
   316 | D:2      | Gained mutation: Spells you cast may paralyse adjacent
                  | enemies. [demonic ancestry]
   316 | D:2      | Reached XP level 2. HP: 22/22 MP: 2/2
   419 | D:2      | Reached skill level 1 in Armour
   466 | D:2      | Slain by a worm

Illustrated notes

Levels and vault maps discovered:
D:1:      psy_arrival_fountain, layout_loops_ring, basic_ecumenical_altar,
          st_stairs_1
D:2:      wad_river_or_something, layout_basic, basic_altar,
          minmay_snake_closets

Skill      XL: |  1  2 |
---------------+-------+-----
Long Blades    | 3 |  3.3
Armour         | 1 |  1.0
Fighting       | |  2.0
Throwing       | |  1.7
Dodging        | |  2.6

Action                   || total
-------------------------++-------
Melee: Long sword        ||    39
Throw: Stone             ||    16
 Stab: Sleeping          ||     1
Armor: Leather armour    ||     8
Dodge: Dodged            ||    25

Table legend: (Time is in decaauts)
 A = Elapsed time spent in this place.
 B = Non-inter-level travel time spent in this place.
 C = Inter-level travel time spent in this place.
 D = Time resting spent in this place.
 E = Time spent auto-exploring this place.
 F = Levels seen in this place.
 G = Mean time per level.
                   A        B        C        D        E       F      G
               +--------+--------+--------+--------+--------+-----+--------+
         Total |    475 |    475 |      0 |    180 |    101 |   2 |  237.5 |
       Dungeon |    475 |    475 |      0 |    180 |    101 |   2 |  237.5 |
               +--------+--------+--------+--------+--------+-----+--------+

Top non-repeatable levels by time:
     D:1: 305 daAuts
     D:2: 170 daAuts
